 Dungeon Crawl Stone Soup version 0.17-a0-1863-g715b4b0 (webtiles) character file.

220 MikeDS the Chopper (level 5, -9/46 HPs)
             Began as a Hill Orc Fighter on Sept 20, 2015.
             Was an Initiate of Okawaru.
             Killed by divine providence
             ... invoked by an orc priest
              (12 damage)
             ... on level 3 of the Dungeon.
             The game lasted 00:10:29 (2259 turns).

MikeDS the Chopper (Hill Orc Fighter)               Turns: 2259, Time: 00:10:29

Health: -9/46      AC:  9    Str: 19    XL:     5   Next: 97%
Magic:  5/5        EV:  7    Int:  8    God:    Okawaru [......]
Gold:   155        SH:  9    Dex: 11    Spells: 0 memorised, 4 levels left

rFire  . . .     SeeInvis .     a - +0 war axe
rCold  . . .     Clarity  .     b - +0 scale mail
rNeg   . . .     SustAt   .     c - +0 shield
rPois  .         Gourm    .     g - +0 helmet (curse)
rElec  .         Spirit   .     (no cloak)
rCorr  .         Warding  .     (no gloves)
rMut   .         Stasis   .     s - +0 pair of boots
MR     .....                    (no amulet)
Stlth  ..........               (no ring)
                                (no ring)

@: not resistant to hostile enchantments, extremely unstealthy
A: no striking features
a: Renounce Religion, Convert to Beogh


You were on level 3 of the Dungeon.
You worshipped Okawaru.
Okawaru was noncommittal.
You were not hungry.

You visited 1 branch of the dungeon, and saw 3 of its levels.

You collected 155 gold pieces.

Inventory:

Hand weapons
 a - a +0 war axe (weapon)
 q - a +1 dagger of venom {stash}
Missiles
 l - 27 bolts {stash}
 p - 53 arrows {stast}
Armour
 b - a +0 scale mail (worn)
 c - a +0 shield (worn)
 g - a cursed +0 helmet (worn)
 s - a +0 pair of boots (worn)
Scrolls
 f - a scroll of noise {unknown}
 h - 2 scrolls of identify
 j - a scroll of blinking
 n - a scroll of immolation {unknown}
 o - a scroll of enchant armour {unknown}
 r - a scroll of fog {unknown}
Potions
 d - a potion of brilliance {unknown}
 i - a potion of ambrosia
 m - 2 potions of curing
 t - a potion of cancellation {unknown}
 v - a potion of cure mutation {unknown}
Comestibles
 e - a bread ration
 k - a slice of pizza
 u - 8 chunks of flesh


   Skills:
 - Level 3.7 Fighting
 + Level 7.1 Axes
 - Level 3.7 Armour
 - Level 0.5 Stealth
 - Level 3.7 Shields


You had 4 spell levels left.
You didn't know any spells.

Dungeon Overview and Level Annotations

Branches:
Dungeon (3/15)

Altars:
Ashenzari
Okawaru
The Shining One

Annotations:
D:3 Jessica


Message History

You closely miss the orc.
The orc priest shouts, "Join the one true god or die!"
You block the orc's attack.
The orc priest mumbles some strange prayers to Beogh against you.
Something smites you!
* * * LOW HITPOINT WARNING * * *
The orc priest invokes the aid of Beogh against you.
Pain shoots through your body!
* * * LOW HITPOINT WARNING * * *
There is an open door, spattered with blood here.
Items here: ))) ÷÷ a dagger; a flail; a club; an orc skeleton; a goblin skeleton
Items here: ( ))) [[
Items here: ( ))))) [ ÷ †††† The orc priest miscasts a cantrip.
Things that are here:
a club; a goblin skeleton The orc priest mumbles some strange prayers to Beogh against you.
Something smites you!
You die...

#.#......# #...# #.#
#.#....### #...######.#
#.#....# #...##...#
#÷#...)# #.....<#.#
#.#....# #...##.#.#
##.#(..)# #...##.#[#
...'.)..# #...##.#.#
...#....#########.###.#.#
...#....).[o)..o@.# #...#
...#...÷########### #####
...####.).......
...##.......####
...##.......#
...##.......#
#..##.......# #.......#
........#


You could see an orc priest and an orc.

Vanquished Creatures
  An orc priest (D:3)
  2 orc wizards (D:3)
  A worker ant zombie (D:3)
  Robin (D:3)
  4 adders (D:3)
  A gnoll (D:1)
  An ooze (D:3)
  A worm (D:2)
  7 orcs (D:3)
  6 bats
  A giant cockroach (D:3)
  9 hobgoblins
  2 jackals (D:1)
  A giant newt (D:2)
  11 goblins
  4 kobolds
  6 rats
59 creatures vanquished.

Notes
Turn   | Place    | Note
--------------------------------------------------------------
     0 | D:1      | MikeDS the Hill Orc Fighter began the quest for the Orb.
     0 | D:1      | Reached XP level 1. HP: 19/19 MP: 1/1
   117 | D:1      | Reached XP level 2. HP: 17/27 MP: 2/2
   502 | D:1      | Reached XP level 3. HP: 33/33 MP: 3/3
   748 | D:2      | Found a shattered altar of Ashenzari.
  1498 | D:3      | Reached skill level 4 in Axes
  1669 | D:3      | Found a glowing golden altar of the Shining One.
  1670 | D:3      | Noticed Jessica
  1720 | D:3      | Noticed Robin
  1734 | D:2      | Reached XP level 4. HP: 20/40 MP: 4/4
  2011 | D:3      | Reached skill level 5 in Axes
  2037 | D:3      | Reached XP level 5. HP: 14/46 MP: 5/5
  2047 | D:3      | Reached skill level 6 in Axes
  2060 | D:3      | Killed Robin
  2217 | D:3      | Found an iron altar of Okawaru.
  2223 | D:3      | Became a worshipper of Warmaster Okawaru
  2247 | D:3      | Reached skill level 7 in Axes
  2248 | D:3      | HP: 1/46 [orc priest/nerve-wracking pain (8)]
  2259 | D:3      | Killed from afar by an orc priest

Vault maps used:
D:1:      matt_arrival_debris, hangedman_decor_clover_reticule,
          minmay_misc_feat_five, minmay_misc_feat_tiny
D:2:      ashenzari_conservatory_becter
D:3:      lemuel_doored_altar, nicolae_overflow_crystal_walls, hex_intersection,
          uniq_robin, uniq_jessica

Action                   |  1- 3 |  4- 6 || total
-------------------------+-------+-------++-------
Melee: War axe           |   103 |    82 ||   185
  Use: Potion            |     1 |     2 ||     3
       Scroll            |     3 |       ||     3
  Eat: Chunk             |     2 |       ||     2
       Bread ration      |     1 |       ||     1
